| TOP OF THE 1ST |
|
Dallas-Fort Worth Rangers batting - Pitching for Arkansas Travelers : RHP Chris Bosio
|
|
Pitching: RHP Chris Bosio
|
|
|
Batting: LHB Stan Levi
|
0-0: Ball 1-0: Ball 2-0: Called Strike 2-1: Called Strike 2-2: Fly out, F6 (Popup, 6M, EV 65.0 MPH)
|
|
Batting: SHB Eski Viltz
|
0-0: Foul Ball, location: 2F 0-1: Ball 1-1: Foul Ball, location: 2F 1-2: Ball 2-2: Ground out 6-3 (Groundball, 6M, EV 96.3 MPH)
|
|
Batting: RHB Terry Lee
|
0-0: Ball 1-0: Called Strike 1-1: Ground out 4-3 (Groundball, 4, EV 83.1 MPH)
|
| Top of the 1st over - 0 runs, 0 hits, 0 errors, 0 left on base; Dallas-Fort Worth 0 - Arkansas 0 |
| BOTTOM OF THE 1ST |
|
Arkansas Travelers batting - Pitching for Dallas-Fort Worth Rangers : LHP Manny Sandate
|
|
Pitching: LHP Manny Sandate
|
|
|
Batting: RHB Denny Gonzalez
|
0-0: Foul Ball, location: 2F 0-1: Ball 1-1: Called Strike 1-2: Foul Ball, location: 2F 1-2: Fly out, F7 (Flyball, 7S, EV 93.1 MPH)
|
|
Batting: LHB Dave Magadan
|
0-0: Ball 1-0: Called Strike 1-1: Ball 2-1: Ball 3-1: Base on Balls
|
|
Batting: RHB Randy Milligan
|
0-0: Ball 1-0: Called Strike 1-1: Called Strike 1-2: Ball 2-2: Ball 3-2: SINGLE (Flyball, 89S, EV 88.1 MPH) Dave Magadan to second Runner from 2nd tries for 3rd, SAFE, throw by RF made to third
|
|
Batting: RHB Kevin Seitzer
|
0-0: Ball 1-0: Foul Ball, location: 2F 1-1: Ball 2-1: Ball 3-1: Grounds into double play, 6-4-3 (Groundball, 56, EV 98.1 MPH)
|
| Bottom of the 1st over - 0 runs, 1 hit, 0 errors, 1 left on base; Dallas-Fort Worth 0 - Arkansas 0 |
| TOP OF THE 2ND |
|
Dallas-Fort Worth Rangers batting - Pitching for Arkansas Travelers : RHP Chris Bosio
|
|
Batting: LHB Sid Bream
|
0-0: Foul Ball, location: 2F 0-1: Called Strike 0-2: Ball 1-2: Foul Ball, location: 2F 1-2: Ball 2-2: Ball 3-2: Foul Ball, location: 2F 3-2: Foul Ball, location: 2F 3-2: Strikes out swinging
|
|
Batting: RHB Dave Aponte
|
0-0: Called Strike 0-1: Ball 1-1: Ball 2-1: Ball 3-1: Foul Ball, location: 2F 3-2: Base on Balls
|
|
Batting: LHB Garcia Gutierrez
|
0-0: Fly out, F9 (Flyball, 9D, EV 102.5 MPH)
|
|
Batting: LHB Mo Ching
|
0-0: Ball 1-0: Called Strike 1-1: Ball 2-1: Swinging Strike 2-2: Foul Ball, location: 2F 2-2: Ball 3-2: Ground out 4-3 (Groundball, 4M, EV 100.0 MPH)
|
| Top of the 2nd over - 0 runs, 0 hits, 0 errors, 1 left on base; Dallas-Fort Worth 0 - Arkansas 0 |
| BOTTOM OF THE 2ND |
|
Arkansas Travelers batting - Pitching for Dallas-Fort Worth Rangers : LHP Manny Sandate
|
|
Batting: SHB Bobby Bonilla
|
0-0: Ball 1-0: Ball 2-0: Ball 3-0: Base on Balls
|
|
Batting: RHB Dennis Seats
|
0-0: Ball 1-0: Ball 2-0: Fly out, F9 (Line Drive, 9D, EV 106.3 MPH)
|
|
Batting: LHB Jesus Marinez
|
0-0: Foul Ball, location: 2F 0-1: Ball 1-1: Ball 2-1: Fly out, F8 (Line Drive, 8LD, EV 93.1 MPH)
|
|
Batting: RHB Rob Deer
|
0-0: SINGLE (Line Drive, 7S, EV 92.5 MPH) Bobby Bonilla to second
|
|
Batting: RHB Alex Duarte
|
0-0: Foul Ball, location: 2F 0-1: Called Strike 0-2: DOUBLE (Groundball, 5L, EV 95.6 MPH) Bobby Bonilla scores Rob Deer to third Runner from 3rd tries for Home, SAFE, throw by LF to home
|
|
Batting: RHB Denny Gonzalez
|
0-0: Ball 1-0: Ball 2-0: Called Strike 2-1: Ball 3-1: SINGLE (Line Drive, 9S, EV 93.8 MPH) Alex Duarte to third Runner from 3rd tries for Home, SAFE, throw by RF to home
|
|
Batting: LHB Dave Magadan
|
0-0: Ball Denny Gonzalez is caught stealing 2nd base 2-6
|
| Bottom of the 2nd over - 3 runs, 3 hits, 0 errors, 0 left on base; Dallas-Fort Worth 0 - Arkansas 3 |
| TOP OF THE 3RD |
|
Dallas-Fort Worth Rangers batting - Pitching for Arkansas Travelers : RHP Chris Bosio
|
|
Batting: RHB Steve Nicosia
|
0-0: SINGLE (Line Drive, 78S, EV 110.0 MPH)
|
|
Batting: RHB Ross Jones
|
0-0: Called Strike 0-1: Foul Ball, location: 2F 0-2: Ball 1-2: Ball 2-2: Strikes out swinging
|
|
Batting: LHB Stan Levi
|
0-0: Ball 1-0: Ball 2-0: Called Strike 2-1: Fly out, F7 (Flyball, 78S, EV 84.4 MPH)
|
|
Batting: SHB Eski Viltz
|
Pickoff Throw to First - Out! 1-3
|
| Top of the 3rd over - 0 runs, 1 hit, 0 errors, 0 left on base; Dallas-Fort Worth 0 - Arkansas 3 |
| BOTTOM OF THE 3RD |
|
Arkansas Travelers batting - Pitching for Dallas-Fort Worth Rangers : LHP Manny Sandate
|
|
Batting: LHB Dave Magadan
|
0-0: Ball 1-0: Ball 2-0: Ball 3-0: Base on Balls
|
|
Batting: RHB Randy Milligan
|
0-0: Called Strike 0-1: Ball 1-1: Ball 2-1: Ball 3-1: Base on Balls Dave Magadan to second
|
|
Batting: RHB Kevin Seitzer
|
0-0: Foul Ball, location: 2F 0-1: Ball 1-1: Foul Ball, location: 2F 1-2: Fielders Choice at 2nd, 4-6 (Groundball, 4, EV 88.1 MPH) Dave Magadan to third
|
|
Batting: SHB Bobby Bonilla
|
0-0: Ball 1-0: Called Strike 1-1: Fly out, F9 (Line Drive, 9D, EV 99.4 MPH) Runner from 3rd tags up, SCORES, no throw by RF
|
|
Batting: RHB Dennis Seats
|
0-0: Ball 1-0: SINGLE (Groundball, 56D, EV 101.3 MPH) Kevin Seitzer to second Runner from 2nd tries for 3rd, SAFE, throw by LF made to third
|
|
Batting: LHB Jesus Marinez
|
0-0: Called Strike 0-1: Ball 1-1: Fielders Choice at 2nd, 6-4 (Groundball, 6, EV 87.5 MPH)
|
| Bottom of the 3rd over - 1 run, 1 hit, 0 errors, 2 left on base; Dallas-Fort Worth 0 - Arkansas 4 |
| TOP OF THE 4TH |
|
Dallas-Fort Worth Rangers batting - Pitching for Arkansas Travelers : RHP Chris Bosio
|
|
Batting: SHB Eski Viltz
|
0-0: Fly out, F7 (Flyball, 7D, EV 96.9 MPH)
|
|
Batting: RHB Terry Lee
|
0-0: Ball 1-0: Ball 2-0: Called Strike 2-1: Called Strike 2-2: Fly out, F5 (Flyball, 5D, EV 85.6 MPH)
|
|
Batting: LHB Sid Bream
|
0-0: Ball 1-0: Fly out, F8 (Flyball, 8RM, EV 95.6 MPH)
|
| Top of the 4th over - 0 runs, 0 hits, 0 errors, 0 left on base; Dallas-Fort Worth 0 - Arkansas 4 |
| BOTTOM OF THE 4TH |
|
Arkansas Travelers batting - Pitching for Dallas-Fort Worth Rangers : LHP Manny Sandate
|
|
Batting: RHB Rob Deer
|
0-0: Called Strike 0-1: Foul Ball, location: 2F 0-2: Foul Ball, location: 2F 0-2: Ball 1-2: Strikes out swinging
|
|
Batting: RHB Alex Duarte
|
0-0: Ball 1-0: DOUBLE (Flyball, 78XD, EV 103.1 MPH)
|
|
Batting: RHB Denny Gonzalez
|
0-0: Ball 1-0: Ball 2-0: Foul Ball, location: 2F 2-1: Ground out 4-3 (Groundball, 4, EV 98.8 MPH) Alex Duarte to third
|
|
Batting: LHB Dave Magadan
|
0-0: Ball 1-0: Ground out 4-3 (Groundball, 4, EV 81.9 MPH)
|
| Bottom of the 4th over - 0 runs, 1 hit, 0 errors, 1 left on base; Dallas-Fort Worth 0 - Arkansas 4 |
| TOP OF THE 5TH |
|
Dallas-Fort Worth Rangers batting - Pitching for Arkansas Travelers : RHP Chris Bosio
|
|
Batting: RHB Dave Aponte
|
0-0: Foul Ball, location: 2F 0-1: Called Strike 0-2: Ball 1-2: Ground out 1-3 (Groundball, 15S, EV 72.5 MPH)
|
|
Batting: LHB Garcia Gutierrez
|
0-0: Fly out, F9 (Flyball, 9S, EV 84.4 MPH)
|
|
Batting: LHB Mo Ching
|
0-0: Ball 1-0: Foul Ball, location: 2F 1-1: Foul Ball, location: 2F 1-2: Strikes out swinging
|
| Top of the 5th over - 0 runs, 0 hits, 0 errors, 0 left on base; Dallas-Fort Worth 0 - Arkansas 4 |
| BOTTOM OF THE 5TH |
|
Arkansas Travelers batting - Pitching for Dallas-Fort Worth Rangers : LHP Manny Sandate
|
|
Batting: RHB Randy Milligan
|
0-0: Ball 1-0: Foul Ball, location: 2F 1-1: Swinging Strike 1-2: Foul Ball, location: 2F 1-2: Ball 2-2: Strikes out swinging
|
|
Batting: RHB Kevin Seitzer
|
0-0: Ball 1-0: Called Strike 1-1: Foul Ball, location: 2F 1-2: Ground out 6-3 (Groundball, 6MS, EV 71.9 MPH)
|
|
Batting: SHB Bobby Bonilla
|
0-0: Fly out, F6 (Flyball, 56D, EV 83.8 MPH)
|
| Bottom of the 5th over - 0 runs, 0 hits, 0 errors, 0 left on base; Dallas-Fort Worth 0 - Arkansas 4 |
| TOP OF THE 6TH |
|
Dallas-Fort Worth Rangers batting - Pitching for Arkansas Travelers : RHP Chris Bosio
|
|
Batting: RHB Steve Nicosia
|
0-0: Called Strike 0-1: Ground out 6-3 (Groundball, 6, EV 104.4 MPH)
|
|
Batting: RHB Ross Jones
|
0-0: Called Strike 0-1: Foul Ball, location: 2F 0-2: Ball 1-2: Strikes out swinging
|
|
Batting: LHB Stan Levi
|
0-0: Foul Ball, location: 2F 0-1: Ball 1-1: Ball 2-1: Foul Ball, location: 2F 2-2: Foul Ball, location: 2F 2-2: Ground out 4-3 (Groundball, 4, EV 95.0 MPH)
|
| Top of the 6th over - 0 runs, 0 hits, 0 errors, 0 left on base; Dallas-Fort Worth 0 - Arkansas 4 |
| BOTTOM OF THE 6TH |
|
Arkansas Travelers batting - Pitching for Dallas-Fort Worth Rangers : LHP Manny Sandate
|
|
Batting: RHB Dennis Seats
|
0-0: Ball 1-0: Ground out 6-3 (Groundball, 6, EV 108.8 MPH)
|
|
Batting: LHB Jesus Marinez
|
0-0: Fly out, F3 (Popup, 3SF, EV 81.3 MPH)
|
|
Batting: RHB Rob Deer
|
0-0: Ball 1-0: Ball 2-0: Ball 3-0: Called Strike 3-1: Base on Balls
|
|
Batting: RHB Alex Duarte
|
0-0: Ball 1-0: Ball 2-0: SINGLE (Groundball, 34S, EV 76.3 MPH) (infield hit) Rob Deer to second
|
|
Batting: RHB Denny Gonzalez
|
0-0: Ball 1-0: Ball 2-0: Called Strike 2-1: Ball 3-1: Ground out 4-3 (Groundball, 34, EV 101.3 MPH)
|
| Bottom of the 6th over - 0 runs, 1 hit, 0 errors, 2 left on base; Dallas-Fort Worth 0 - Arkansas 4 |
| TOP OF THE 7TH |
|
Dallas-Fort Worth Rangers batting - Pitching for Arkansas Travelers : RHP Chris Bosio
|
|
Batting: SHB Eski Viltz
|
0-0: Called Strike 0-1: Ball 1-1: Swinging Strike 1-2: Ball 2-2: Foul Ball, location: 2F 2-2: Foul Ball, location: 2F 2-2: Strikes out swinging
|
|
Batting: RHB Terry Lee
|
0-0: Swinging Strike 0-1: Ground out 6-3 (Groundball, 6, EV 100.0 MPH)
|
|
Batting: LHB Sid Bream
|
0-0: Called Strike 0-1: Ball 1-1: Ball 2-1: Fly out, F8 (Line Drive, 8LD, EV 86.3 MPH)
|
| Top of the 7th over - 0 runs, 0 hits, 0 errors, 0 left on base; Dallas-Fort Worth 0 - Arkansas 4 |
| BOTTOM OF THE 7TH |
|
Arkansas Travelers batting - Pitching for Dallas-Fort Worth Rangers : LHP Manny Sandate
|
|
Batting: LHB Dave Magadan
|
0-0: Ball 1-0: Ball 2-0: Swinging Strike 2-1: Foul Ball, location: 2F 2-2: Ball 3-2: Base on Balls
|
|
Batting: RHB Randy Milligan
|
0-0: Ball 1-0: Ball 2-0: Ball 3-0: Base on Balls Dave Magadan to second
|
|
Pitching: RHP Randy McGilberry
|
|
|
Batting: RHB Kevin Seitzer
|
0-0: Swinging Strike 0-1: Swinging Strike 0-2: Ball 1-2: Ball 2-2: Grounds into double play, 3-6-1 (Groundball, 3, EV 86.9 MPH) Dave Magadan to third
|
|
Batting: SHB Bobby Bonilla
|
0-0: Ball 1-0: Ground out 5-3 (Groundball, 56, EV 86.9 MPH)
|
| Bottom of the 7th over - 0 runs, 0 hits, 0 errors, 1 left on base; Dallas-Fort Worth 0 - Arkansas 4 |
| TOP OF THE 8TH |
|
Dallas-Fort Worth Rangers batting - Pitching for Arkansas Travelers : RHP Chris Bosio
|
|
Batting: RHB Dave Aponte
|
0-0: Fly out, F3 (Popup, 3SF, EV 77.5 MPH)
|
|
Batting: LHB Garcia Gutierrez
|
0-0: Ball 1-0: Called Strike 1-1: Ball 2-1: Reached on error, E5 (Groundball, 56, EV 102.5 MPH)
|
|
Batting: LHB Mo Ching
|
0-0: Swinging Strike 0-1: Ball 1-1: Ball 2-1: Grounds into double play, 4-6-3 (Groundball, 4, EV 88.8 MPH)
|
| Top of the 8th over - 0 runs, 0 hits, 1 error, 0 left on base; Dallas-Fort Worth 0 - Arkansas 4 |
| BOTTOM OF THE 8TH |
|
Arkansas Travelers batting - Pitching for Dallas-Fort Worth Rangers : RHP Randy McGilberry
|
|
Batting: RHB Dennis Seats
|
0-0: Swinging Strike 0-1: Ball 1-1: Called Strike 1-2: Ball 2-2: Ball 3-2: Ground out 4-3 (Groundball, 4M, EV 85.0 MPH)
|
|
Batting: LHB Jesus Marinez
|
0-0: Swinging Strike 0-1: Ball 1-1: Called Strike 1-2: Foul Ball, location: 2F 1-2: Ball 2-2: Ground out 6-3 (Groundball, 6S, EV 93.1 MPH)
|
|
Batting: RHB Rob Deer
|
0-0: Fly out, F7 (Flyball, 7LM, EV 81.9 MPH)
|
| Bottom of the 8th over - 0 runs, 0 hits, 0 errors, 0 left on base; Dallas-Fort Worth 0 - Arkansas 4 |
| TOP OF THE 9TH |
|
Dallas-Fort Worth Rangers batting - Pitching for Arkansas Travelers : RHP Chris Bosio
|
|
Batting: RHB Steve Nicosia
|
0-0: SINGLE (Line Drive, 89S, EV 90.6 MPH)
|
|
Batting: RHB Ross Jones
|
0-0: Ball 1-0: Ball 2-0: Foul Ball, location: 2F 2-1: Foul Ball, location: 2F 2-2: Fly out, F8 (Flyball, 8LD, EV 101.9 MPH)
|
|
Batting: LHB Stan Levi
|
0-0: Called Strike 0-1: Foul Ball, location: 2F 0-2: Foul Ball, location: 2F 0-2: Ball 1-2: Strikes out swinging
|
|
Batting: SHB Eski Viltz
|
0-0: Ball 1-0: Ball 2-0: Ground out 4-3 (Groundball, 4S, EV 89.4 MPH)
|
| Top of the 9th over - 0 runs, 1 hit, 0 errors, 1 left on base; Dallas-Fort Worth 0 - Arkansas 4 |
|